 Seeded DCSS version 0.27-a0-1188-g73eefd5def (webtiles) character file.

Game seed: 16767568107801894396 (custom seed)

122 Shayle the Skirmisher (level 4, -9/37 HPs)
             Began as a Demonspawn Warper on May 21, 2021.
             Mangled by a wyvern skeleton (11 damage)
             ... on level 3 of the Dungeon.
             The game lasted 00:10:15 (3306 turns).

Shayle the Skirmisher (Demonspawn Warper)           Turns: 3306, Time: 00:10:16

Health: -9/37      AC:  3    Str: 11    XL:     4   Next: 78%
Magic:  7/7        EV: 11    Int: 24    God:
Gold:   554        SH:  6    Dex: 19    Spells: 5/7 levels left

rFire    x . .     SeeInvis .   a - +0 spear
rCold    . . .     Faith    .   k - +2 buckler of Optimism {Rampage rF- Int+9 Dex+4}
rNeg     . . .     Spirit   .   b - +0 leather armour
rPois    +         Reflect  .   (no helmet)
rElec    .         Harm     .   (no cloak)
rCorr    .         Rampage  +   (no gloves)
Will     .....                  (no boots)
Stlth    ++........             g - amulet "Vouvetuk" {Acrobat rPois}
HPRegen  0.12/turn              (no ring)
MPRegen  0.10/turn              (no ring)

@: flying
A: thin skeletal structure 1, powered by death 1, powered by pain 1
a: no special abilities


You were on level 3 of the Dungeon.
You visited 1 branch of the dungeon, and saw 3 of its levels.

You collected 600 gold pieces.
You spent 46 gold pieces at shops.

Inventory:

Hand Weapons
 a - a +0 spear (weapon)
Armour
 b - a +0 leather armour (worn)
 k - the +2 buckler of Optimism (worn) {Rampage rF- Int+9 Dex+4}
   (You acquired it on level 2 of the Dungeon)

   It affects your intelligence (+9).
   It affects your dexterity (+4).
   It makes you vulnerable to fire.
   It bestows one free step when moving towards enemies.
Jewellery
 c - a ring of magical power
 g - the amulet "Vouvetuk" (around neck) {Acrobat rPois}
   (You acquired it on level 2 of the Dungeon)

   [amulet of the acrobat]

   It increases your evasion while moving and waiting.
   It protects you from poison.
Scrolls
 d - a scroll of blinking
 f - a scroll of enchant armour {unknown}
 h - a scroll of amnesia {unknown}
 j - a scroll of vulnerability {unknown}
 m - 2 scrolls of identify {unknown}
Potions
 i - a potion of invisibility {unknown}
 l - a potion of flight


   Skills:
 + Level 3.7 Fighting
 + Level 3.3 Polearms
 - Level 0.8 Throwing
 - Level 0.8 Armour
 - Level 1.7 Dodging
 + Level 0.6 Shields
 - Level 2.0 Spellcasting
 - Level 2.6 Translocations


You had 5 spell levels left.
You knew the following spells:

 Your Spells              Type           Power      Damage    Failure   Level
a - Blink                 Tloc           N/A        N/A       12%         2

Your spell library contained the following spells:

 Spells                   Type           Power      Damage    Failure   Level
 Apportation              Tloc           30%        N/A       9%          1
 Animate Skeleton         Necr           4%         N/A       24%         1
 Beastly Appendage        Tmut           4%         N/A       24%         1
 Corona                   Hex            2%         N/A       24%         1
 Summon Small Mammal      Summ           8%         N/A       24%         1
 Gell's Gravitas          Tloc           7%         N/A       24%         3
 Lesser Beckoning         Tloc           7%         N/A       24%         3
 Teleport Other           Tloc           15%        N/A       24%         3
 Wereblood                Tmut           2%         N/A       36%         2
 Spider Form              Tmut/Pois      1%         N/A       58%         3
 Manifold Assault         Tloc           15%        N/A       92%         5
 Ice Form                 Ice/Tmut       2%         N/A       94%         4
 Hydra Form               Tmut           1%         N/A       100%        5


Dungeon Overview and Level Annotations

Branches:
Dungeon (3/15)

Altars:

Shops:
D:1 !   D:2 ::!(*


Innate Abilities, Weirdness & Mutations

You have a somewhat thin skeletal structure. (Dex +2, Stealth+)
You regenerate a little health from kills.
You sometimes gain a little power by taking damage.


Message History

You hit the wyvern skeleton.
The wyvern skeleton is moderately damaged.
The wyvern skeleton bites you.
* * * LOW HITPOINT WARNING * * *
The wyvern skeleton misses you.
You hit the wyvern skeleton.
The wyvern skeleton is moderately damaged.
You block the wyvern skeleton's attack.
Unknown command.
Okay, then.
Throw: 3 boomerangs (disperse)
Press: ? - help, Q - select action, (/) - cycle Shift-Dir - straight line, f - wyvern skeleton
Aim: a wyvern skeleton (moderately damaged, 86% to hit)
You throw a boomerang of dispersal.
The boomerang of dispersal hits the wyvern skeleton!
The wyvern skeleton blinks!
The wyvern skeleton is heavily damaged.
Throw: 2 boomerangs (disperse)
Press: ? - help, Q - select action, (/) - cycle Shift-Dir - straight line, f/p - wyvern skeleton
Aim: a wyvern skeleton (heavily damaged, 86% to hit)
You throw a boomerang of dispersal.
The boomerang of dispersal hits the wyvern skeleton but does no damage.
The wyvern skeleton is heavily damaged.
Throw: boomerang (disperse)
Press: ? - help, Q - select action, (/) - cycle Shift-Dir - straight line, f/p - wyvern skeleton
Aim: a wyvern skeleton (heavily damaged, 86% to hit)
You throw a boomerang of dispersal.
The boomerang of dispersal hits the wyvern skeleton.
The wyvern skeleton blinks!
The wyvern skeleton is severely damaged.
You hit the wyvern skeleton but do no damage.
The wyvern skeleton is severely damaged.
The wyvern skeleton completely misses you.
The wyvern skeleton bites you!
* * * LOW HITPOINT WARNING * * *
Okay, then.
It was a potion of flight.
You feel very buoyant.
You fly up into the air.
The wyvern skeleton bites you!
You die...

#.# #.# ..#
..# ..# ###
..# #### ..
# ..#
.....#. #
...
####..Z####
# ....
#......@..#
# ...#
#.###.###.#
... .)## #
#.# #.# #.#
# ...# #.#
#.### ###.#
#.####.#..
#.#
#........#
#.#
#..###.#.#
#.# ##.#
#.#.#####..


You could see a wyvern skeleton.

Vanquished Creatures
  Jessica (D:2)
  An adder (D:2)
  3 worms
  3 dart slugs
  3 endoplasms
  3 giant cockroaches
  2 goblins
  7 hobgoblins
  15 jackals
  A kobold (D:1)
  6 quokkas
  5 ball pythons
  8 bats
  2 frilled lizards
  5 rats
65 creatures vanquished.

Notes
Turn   | Place    | Note
-------+----------+-------------------------------------------
     0 | D:1      | Shayle the Demonspawn Warper began the quest for the Orb.
     0 | D:1      | Reached XP level 1. HP: 16/16 MP: 3/3
   338 | D:1      | Gained mutation: You regenerate a little health from kills.
                  | [demonic ancestry]
   338 | D:1      | Reached XP level 2. HP: 16/23 MP: 5/5
   504 | D:1      | Learned a level 2 spell: Blink
   925 | D:1      | Gained mutation: You have a somewhat thin skeletal
                  | structure. (Dex +2, Stealth+) [demonic ancestry]
   925 | D:1      | Reached XP level 3. HP: 28/28 MP: 6/6
  1124 | D:1      | Found Diutwad's Distillery.
  1574 | D:2      | Found Xeatox's Weapon Boutique.
  1639 | D:2      | Noticed Jessica
  1645 | D:2      | Killed Jessica
  1646 | D:2      | Gained mutation: You sometimes gain a little power by
                  | taking damage. [demonic ancestry]
  1646 | D:2      | Reached XP level 4. HP: 30/35 MP: 7/7
  1684 | D:2      | Found Yhugen's Distillery.
  1702 | D:2      | Found Isyupont's Book Shoppe.
  2082 | D:2      | Found a faded altar of an unknown god.
  2332 | D:2      | Found Sidd's Assorted Antiques.
  2336 | D:2      | Bought 2 scrolls labelled ZUMAISOSKEU for 46 gold pieces
  2336 | D:2      | Identified 3 scrolls of acquirement
  2336 | D:2      | Acquired the +2 buckler of Optimism {Rampage rF- Int+9
                  | Dex+4}
  2338 | D:2      | Acquired 462 gold pieces
  2339 | D:2      | Acquired the amulet "Vouvetuk" {Acrobat rPois}
  2676 | D:2      | Found Teehij's Book Shoppe.
  3305 | D:3      | HP: 1/37 [wyvern skeleton (10)]
  3306 | D:3      | Mangled by a wyvern skeleton

Illustrated notes

Levels and vault maps discovered:
D:1:      dpeg_arrival_pits, layout_loops_ring, serial_shops, shop,
          minmay_pentomino_w4
D:2:      layout_basic, serial_shops, nicolae_shop_behind_doors, shop,
          shop_statue, shop, nicolae_shop_statue_plus,
          shapermc_ecumenical_altar_totnotflames, uniq_jessica
D:3:      layout_loops_corners, good_gods_mini_temple, gammafunk_ghost_cemetery,
          uniq_terence, uniq_crazy_yiuf_cottage

Skill      XL: |  1  2  3 |
---------------+----------+-----
Polearms       | 2 3 |  3.3
Fighting       | 3 |  3.7
Throwing       | |  0.8
Armour         | |  0.8
Dodging        | |  1.7
Shields        | |  0.6
Spellcasting   | |  2.0
Translocations | |  2.6

Action                   |  1- 3 |  4- 6 || total
-------------------------+-------+-------++-------
Melee: Spear             |   173 |   150 ||   323
Throw: Boomerang         |     2 |     3 ||     5
  Use: Scroll            |       |     3 ||     3
       Potion            |       |     1 ||     1
 Stab: Sleeping          |     3 |     6 ||     9
       Distracted        |       |     1 ||     1
Armor: Leather armour    |    35 |    17 ||    52
Dodge: Dodged            |    97 |    54 ||   151
Block: Buckler           |       |    15 ||    15

Table legend: (Time is in decaauts)
 A = Elapsed time spent in this place.
 B = Non-inter-level travel time spent in this place.
 C = Inter-level travel time spent in this place.
 D = Time resting spent in this place.
 E = Time spent auto-exploring this place.
 F = Levels seen in this place.
 G = Mean time per level.
                   A        B        C        D        E       F      G
               +--------+--------+--------+--------+--------+-----+--------+
         Total |   3301 |   3264 |     37 |    393 |   1994 |   3 | 1100.3 |
       Dungeon |   3301 |   3264 |     37 |    393 |   1994 |   3 | 1100.3 |
               +--------+--------+--------+--------+--------+-----+--------+

Top non-repeatable levels by time:
     D:1: 1560 daAuts
     D:2: 1419 daAuts
     D:3: 321 daAuts
